Unix NetHack Version 5.0.0-0 post-release - last build Jun 10 2026 00:39:30 (3ee93aec679c4c4259841fe613dc97188e26a321,branch:main).

Game began 2026-06-26 08:32:11, ended 2026-06-26 08:53:12.

GdeVolpiano, lawful female dwarven Cavewoman

                                                              --------------
                                                              |......^.....|
                                                              |.^..........|
                                                              |..^.....^...|
                                                             #-............|
                                                            ##------------.-
                                                           ##             #
                                                           #           ####
                                                          ##       #####
                                                         ##      ###
                                   -----------         ###      ##
                                   |.....$....      ####        #
                                   |.......h.....'@####   ------.-
                                   |..........      # ##  -......|
                                   |....{.                |......|
                                   |..                    |......|
                                   ---                    --------

GdeVolpiano the Aborigine  St:17 Dx:12 Co:20 In:8 Wi:10 Ch:8  Lawful
Dlvl:9  $:185 HP:0(50) Pw:4(4) AC:1  Xp:4 T:2036 

Latest messages:
 You swap places with Slasher.
 Some text has been burned into the floor here.
 You read: "|n?y say that ?in?inc a ?ur?ed gray s?ore i? alwa?s bad luc?."
 You descend the stairs.
 The door opens.
 KABOOM!!  The door was booby-trapped!
 You stagger...
 You feel a bit steadier now.
 That door is closed.
 The door opens.
 You step onto a level teleport trap!
 You feel disoriented.
 You materialize on a different level!
 You feel less confused now.
 You find a hidden passage.
 This door is locked.
 Unlock it with your lock pick? [ynq] (q)
 You succeed in picking the lock.
 The door opens.
 You are carrying too much to get through.
 You hear water falling on coins.
 You find a hidden passage.
 You miss the gold golem.
 The gold golem hits!
 The gold golem hits again!
 You hit the gold golem.
 You hit the gold golem.
 You hit the gold golem.
 You hit the gold golem.
 The gold golem hits!
 The gold golem hits again!
 You hear the footsteps of a guard on patrol.
 You miss the gold golem.
 The gold golem hits!
 The gold golem hits again!
 You miss the gold golem.
 The gold golem hits!
 The gold golem hits again!
 You miss the gold golem.
 The gold golem hits!
 The gold golem hits again!
 You hit the gold golem.
 The gold golem hits!
 The gold golem hits again!
 You hit the gold golem!
 The gold golem hits!
 The gold golem hits again!
 You die...
 Do you want your possessions identified? [ynq] (y)
 Do you want to see your attributes? [ynq] (y)

Inventory:
 Coins    ('$')
  $ - 185 gold pieces
 Amulets  ('"')
  x - an uncursed amulet of guarding (being worn)
 Weapons  (')')
  b - a +2 sling (alternate weapon; not wielded)
  S - a +0 orcish dagger
  a - a blessed +1 club (weapon in right hand)
 Armor    ('[')
  M - a cursed +0 elven leather helm
  l - an uncursed +0 orcish helm (being worn)
  C - an uncursed +0 banded mail (being worn)
 Comestibles  ('%')
  P - 4 cursed food rations
 Scrolls  ('?')
  o - an uncursed scroll of enchant armor
  i - a blessed scroll of enchant weapon
  A - 2 uncursed scrolls of fire
  Z - a blessed scroll of identify
  w - an uncursed scroll of magic mapping
  f - an uncursed scroll of remove curse
 Spellbooks  ('+')
  j - an uncursed spellbook of magic missile
 Potions  ('!')
  r - 7 uncursed potions of healing
  D - a cursed potion of healing
  h - an uncursed potion of water
 Wands    ('/')
  K - a cursed wand of teleportation (0:4)
 Tools    ('(')
  k - a cursed lock pick
  R - a cursed magic whistle
 Gems/Stones  ('*')
  c - 14 uncursed flint stones (in quiver pouch)

GdeVolpiano the Cavewoman's attributes:

Background:
 You were an Aborigine, a level 4 dwarven Cavewoman.
 You were lawful, nominally on a mission for Anu
 who was opposed by Ishtar (neutral) and Anshar (chaotic).
 You were right-handed.
 You were in the Dungeons of Doom, on level 9.
 You entered the dungeon 2036 turns ago.
 You had 142 experience points, 18 more were needed to attain level 5.

Basics:
 You had 0 out of 50 hit points.
 You had all 4 energy points (spell power).
 Your armor class was 1.
 Your wallet contained 185 zorkmids.
 Autopickup was on for '$?!/="+' plus thrown, with exceptions.

Final Characteristics:
 Your strength was 17 (limit:18/100).
 Your dexterity was 12 (limit:20).
 Your constitution was 20 (limit:20).
 Your intelligence was 8 (limit:16).
 Your wisdom was 10 (limit:16).
 Your charisma was 8 (limit:16).

Final Status:
 You weren't hungry.
 You were unencumbered.
 You were wielding a club.
 You had basic skill with club.

Final Attributes:
 You were devoutly aligned.
 You were telepathic.
 You had infravision.
 You had a small defense bonus (+2).
 You were protected.
 You are dead.

Miscellaneous:
 You encountered 1 bones level.
 Total elapsed playing time was 21 minutes and 1 second.

Major events:
 Turn
    1: GdeVolpiano the lawful dwarven Cavewoman entered the dungeon
 1013: attained the rank of Aborigine (level 3)
 2036: killed by a gold golem

You didn't know any spells.

Skills:
 Fighting Skills
   bare handed combat [Basic]
 Weapon Skills
   dagger             [Unskilled]
   knife              [Unskilled]
   axe                [Unskilled]
   pick-axe           [Unskilled]
   club               [Basic]
   mace               [Unskilled]
   morning star       [Unskilled]
   flail              [Unskilled]
   hammer             [Unskilled]
   quarterstaff       [Unskilled]
   polearms           [Unskilled]
   spear              [Unskilled]
   trident            [Unskilled]
   bow                [Unskilled]
   sling              [Basic]
   boomerang          [Unskilled]
   unicorn horn       [Unskilled]
 Spellcasting Skills
   attack spells      [Unskilled]
   matter spells      [Unskilled]

Voluntary challenges:
 Character rerolling was not enabled.
 You were an atheist.
 You never genocided any monsters.
 You never polymorphed an object.
 You never changed form.
 You used no wishes.
Achievements:
 You attained the rank of Aborigine.
 You entered a shop.

 The Dungeons of Doom: levels 1 to 9
    Level 1:
       A fountain.
    Level 2:
       A fountain.
    Level 3:
       A potion shop, a fountain.
    Level 4:
       A fountain, a sink.
    Level 5: "vault"
       A fountain, a sink.
       Final resting place for
          rzepol-Rog-Hum-Mal-Cha, killed by a rothe.
    Level 6:
       A grave.
    Level 9: <- You were here.
       A fountain.
       Final resting place for
          you, killed by a gold golem.


Vanquished creatures:
  a ghost
  a leprechaun
  a housecat
  a rock piercer
  a pony
  a gnome leader
  a floating eye
  a homunculus
  2 rothes
 an iguana
  3 giant rats
  2 cave spiders
  a gnome zombie
  a gecko
  a jackal
  a fox
  6 goblins
  4 grid bugs
  2 lichens
  4 newts
36 creatures vanquished.

No species were genocided or became extinct.

Game over:
                       ----------
                      /          \
                     /    REST    \
                    /      IN      \
                   /     PEACE      \
                  /                  \
                  |   GdeVolpiano    |
                  |      185 Au      |
                  | killed by a gold |
                  |      golem       |
                  |                  |
                  |                  |
                  |       2026       |
                 *|     *  *  *      | *
        _________)/\\_//(\/(/\)/\//\/|_)_______

Goodbye GdeVolpiano the Cavewoman...

You died in The Dungeons of Doom on dungeon level 9 with 1155 points,
and 185 pieces of gold, after 2036 moves.
You were level 4 with a maximum of 50 hit points when you died.

